AoeStats
← Death_Rider

Glade

510956206Analyzed
1v1 RM · 16h ago on Oct 3, 2026· 51m 26s· 2 players
Game mode
Random Map
Map size
Tiny (2 player)
Population
200
Speed
Normal
Resources
Standard
Victory
Conquest
Starting age
Dark Age
Ending age
Imperial Age
RankedLock teamsTeams togetherTeam positionsShared explorationLock speedFull tech treeHidden civsTurbo modeCheats
Victory
Defeat
🇩🇪 Magyars · Germany
963
+15
🇹🇷 Burmese · Türkiye
945
-15
Jason
8:10 Loom
10:05 Feudal Age
8:21 Loom
11:18 Man-at-Arms
12:23 Man-at-Arms
17:49 Horse Collar
23:39 Castle Age
27:17 Pikeman
27:58 Squires
27:44 Gambesons
29:08 Elite Skirmisher
33:59 Imperial Age
35:01 Padded Archer Armor
35:04 Fletching
38:52 Husbandry
41:15 Bodkin Arrow
41:31 Forging
41:26 Scale Barding Armor
43:18 Ballistics
46:55 Light Cavalry
49:33 Bloodlines
50:51 Bracer
51:54 Chemistry
50:50 Murder Holes
50:44 Hussar
Death_Rider
10:03 Feudal Age
10:33 Double-Bit Axe
10:59 Loom
11:00 Town Watch
11:08 Horse Collar
14:40 Fletching
16:01 Padded Archer Armor
23:06 Castle Age
21:20 Stone Mining
21:43 Gold Mining
22:53 Scale Barding Armor
23:27 Bloodlines
24:07 Chain Barding Armor
28:21 Gold Shaft Mining
27:51 Husbandry
29:38 Town Watch
32:30 Wheelbarrow
31:59 Corvinian Army
32:30 Bodkin Arrow
34:35 Leather Archer Armor
34:46 Light Cavalry
34:50 Elite Skirmisher
38:31 Imperial Age
38:20 Ballistics
39:34 Bracer
41:09 Plate Barding Armor
41:06 Ring Archer Armor
42:34 Chemistry
42:20 Heavy Plow
43:17 Pikeman
44:33 Cavalier
45:32 Scale Mail Armor
47:24 Chain Mail Armor
46:31 Halberdier
47:05 Hussar
49:08 Thumb Ring
49:55 Bow Saw
50:19 Crop Rotation
51:32 Guard Tower
51:22 Treadmill Crane
51:54 Masonry
52:02 Hand Cart
51:47 Town Patrol
Connection lost

Rejoining the realm…

Still unreachable

The connection could not be restored.

Session expired

The server has moved on; the page needs a fresh start.